 Dungeon Crawl Stone Soup version 0.31-a0-1439-g542172135e (webtiles) character file.

Game seed: 16446781403533320907

667 Sp3rw3r the Slasher (level 7, -8/55 HPs)
             Began as a Human Fighter on Dec 27, 2023.
             Mangled by Menkaure (10 damage)
             ... on level 3 of the Dungeon.
             The game lasted 00:28:39 (2656 turns).

Sp3rw3r the Slasher (Human Fighter)                 Turns: 2656, Time: 00:28:40

Health: -8/55      AC: 10    Str: 19    XL:     7   Next: 57%
Magic:  7/7        EV: 13    Int:  8    God:
Gold:   215        SH:  5    Dex: 12    Spells: 6/6 levels left

rFire   . . .        a - +0 long sword
rCold   . . .        c - +0 buckler
rNeg    . . .        o - +0 chain mail
rPois   .            h - +0 helmet
rElec   .            (no cloak)
rCorr   .            (no gloves)
SInv    .            (no boots)
Will    .....        (no amulet) Stlth
                     e - +5 ring of evasion
HPRegen 0.29/turn    (no ring)
MPRegen 0.10/turn

%: no passive effects
@: no status effects
A: explore regen
a: no special abilities


You were on level 3 of the Dungeon.
You visited 1 branch of the dungeon, and saw 4 of its levels.

You collected 215 gold pieces.

Inventory:

Hand Weapons
 a - a +0 long sword (weapon)
 f - a +2 dagger of holy wrath
 m - a +0 war axe
 t - a +0 sling
 x - a +2 whip of venom
 y - a +0 rapier of venom
Missiles
 d - a curare-tipped dart (quivered)
 l - 4 poisoned darts
 r - 16 stones
Armour
 b - a +0 scale mail
 c - a +0 buckler (worn)
 h - a +0 helmet (worn)
 o - a +0 chain mail (worn)
Magical Staves
 j - a staff of conjuration
Jewellery
 e - a +5 ring of evasion (left hand)
Scrolls
 g - a scroll of summoning {unknown}
 n - a scroll of blinking {unknown}
 p - a scroll of amnesia {unknown}
 q - a scroll of fear {unknown}
 s - a scroll of revelation {unknown}
 u - 2 scrolls of torment
 v - a scroll of immolation {unknown}
 w - a scroll of enchant weapon {unknown}
Potions
 i - 2 potions of cancellation
 k - a potion of curing {unknown}


   Skills:
 + Level 4.3 Fighting
 + Level 1.0(3.3) Short Blades
 + Level 5.1 Long Blades
 + Level 0.3 Ranged Weapons
 + Level 4.5 Armour
 + Level 1.4 Dodging
 + Level 1.0 Stealth
 + Level 4.5 Shields


You had 6 spell levels left.
You didn't know any spells.
Your spell library contained the following spells:

 Spells                   Type           Power      Damage    Failure   Level
 Shock                    Conj/Air       0%         1d3       99%         1
 Sting                    Conj/Alch      0%         1d3       99%         1
 Mercury Vapours          Alch/Air       0%         N/A       100%        2
 Dazzling Flash           Conj/Hex       0%         N/A       100%        3
 Mephitic Cloud           Conj/Alch/Air  0%         N/A       100%        3
 Swiftness                Air            0%         N/A       100%        3
 Airstrike                Air            0%         2d(0-16)  100%        4
 Olgreb's Toxic Radiance  Alch           0%         N/A       100%        4
 Curse of Agony           Necr           0%         N/A       100%        5
 Silence                  Hex/Air        0%         N/A       100%        5


Dungeon Overview and Level Annotations

Branches:
Dungeon (4/15)
 Temple: D:4-7

Altars:
Qazlal
Xom
Yredelemnul

Annotations:
D:3 Menkaure


Innate Abilities, Weirdness & Mutations

You regain HP and MP as you explore.


Message History

Menkaure is lightly damaged.
Menkaure hits you!
You hit Menkaure but do no damage.
Menkaure is lightly damaged.
You block Menkaure's attack. Menkaure closely misses you.
You barely miss Menkaure.
Menkaure is lightly damaged.
Menkaure closely misses you.
You hit Menkaure.
Menkaure is moderately damaged.
You block Menkaure's attack.
You hit Menkaure.
Menkaure is moderately damaged.
Menkaure hits you. You block Menkaure's attack.
You hit Menkaure but do no damage.
Menkaure is moderately damaged.
Menkaure completely misses you.
You hit Menkaure.
Menkaure is heavily damaged.
Menkaure hits you. Menkaure closely misses you.
You hit Menkaure but do no damage.
Menkaure is heavily damaged.
Menkaure calls on the powers of darkness!
Your body is wracked with pain!
* * * LOW HITPOINT WARNING * * *
You block Menkaure's attack.
You climb upwards.
There is a stone staircase leading down here.
You hit Menkaure.
Menkaure is severely damaged.
Menkaure calls on the powers of darkness!
Your body is wracked with pain!
* * * LOW HITPOINT WARNING * * *
Menkaure points at you and mumbles some strange words.
Pain shoots through your body!
* * * LOW HITPOINT WARNING * * *
You hit Menkaure.
Menkaure is almost destroyed.
Menkaure hits you!
You die...

#.####### #.### ##### #.#
#...# ###### #.# ###.#
#..... #.# #.#######.###.
#.# #........>.[#. #.#
#########.#######.#.#. #.#
##.........# #.....
#.###....<####<#########.##
#.........@)........####...
#.###....M####.####........
#.#......## #..# #########
#.#......# #..# #
#.#..###.# #..# #....###.##
#### ##...##...######
#......_..))..######
######...##........# #


You could see Menkaure (fast).

Vanquished Creatures
  Sigmund (D:3)
  A phantom (D:4)
  A weeping skull (D:4)
  A scorpion (D:4)
  A jelly (D:4)
  An orc priest (D:4)
  A hound (D:4)
  A sleepcap (D:4)
  Terence (D:2)
  10 adders
  4 dart slugs
  2 orcs (D:4)
  3 ball pythons
  8 endoplasms
  2 giant cockroaches
  10 goblins
  11 hobgoblins
  2 jackals (D:1)
  10 kobolds
  A quokka (D:1)
  4 bats
  5 frilled lizards
  5 rats
  A spectral orc (D:4)
87 creatures vanquished.

Notes
Turn   | Place    | Note
-------+----------+-------------------------------------------
     0 | D:1      | Sp3rw3r the Human Fighter began the quest for the Orb.
     0 | D:1      | Reached XP level 1. HP: 18/18 MP: 1/1
   265 | D:1      | Reached XP level 2. HP: 18/24 MP: 2/2
   572 | D:1      | Reached XP level 3. HP: 29/29 MP: 3/3
   939 | D:2      | Noticed Terence
   948 | D:2      | Killed Terence
   949 | D:2      | Reached skill level 1 in Stealth
   949 | D:2      | Reached XP level 4. HP: 31/37 MP: 4/4
  1365 | D:3      | Found a shimmering altar of Xom.
  1509 | D:3      | Noticed Sigmund
  1524 | D:3      | Killed Sigmund
  1525 | D:3      | Reached skill level 3 in Long Blades
  1525 | D:3      | Reached XP level 5. HP: 23/42 MP: 5/5
  1525 | D:3      | Reached XP level 6. HP: 27/48 MP: 6/6
  1590 | D:3      | Reached skill level 4 in Long Blades
  2155 | D:4      | Found a stormy altar of Qazlal.
  2184 | D:4      | Found a basalt altar of Yredelemnul.
  2293 | D:4      | Reached XP level 7. HP: 18/54 MP: 7/7
  2299 | D:4      | Reached skill level 1 in Dodging
  2511 | D:4      | Reached skill level 5 in Long Blades
  2582 | D:4      | Reached skill level 1 in Short Blades
  2592 | D:4      | Noticed Menkaure
  2655 | D:3      | HP: 1/55 [Menkaure/nerve-wracking pain (6)]
  2656 | D:3      | Mangled by Menkaure

Illustrated notes

Levels and vault maps discovered:
D:1:      mrwooster_arrival_statue_3, layout_basic
D:2:      layout_loops_ring, uniq_terence
D:3:      layout_loops_ring, nicolae_overflow_crystal_walls, uniq_sigmund
D:4:      minmay_spotlight, layout_rooms, yredelemnul_forgotten_temple_becter,
          grunt_qazlal_clouds, nicolae_overflow_hidden_temple,
          minmay_temple_entry_large_hall, uniq_menkaure

Skill      XL: |  1  2  3  4  5  6  7 |
---------------+----------------------+-----
Stealth        | 1 |  1.0
Fighting       | 4 |  4.3
Long Blades    | 3 4 5 |  5.1
Armour         | 4 |  4.5
Shields        | 4 |  4.5
Dodging        | 1 |  1.4
Short Blades   | 1 |  1.0
Ranged Weapons | |  0.3

Action                     |  1- 3 |  4- 6 |  7- 9 || total
---------------------------+-------+-------+-------++-------
  Melee: Dagger            |    18 |       |    25 ||    43
         Long sword        |    78 |   184 |    48 ||   310
         Rapier            |       |     1 |    30 ||    31
   Fire: Sling             |       |     3 |     2 ||     5
  Throw: Stone             |     3 |     1 |       ||     4
         Dart              |       |       |     3 ||     3
    Use: Potion            |       |     3 |       ||     3
         Scroll            |       |     1 |     2 ||     3
 Armour: Scale mail        |    50 |     1 |       ||    51
         Chain mail        |       |   136 |    49 ||   185
  Dodge: Dodged            |    52 |   166 |    54 ||   272
  Block: Buckler           |    14 |    59 |    28 ||   101

Table legend: (Time is in decaauts)
 A = Elapsed time spent in this place.
 B = Non-inter-level travel time spent in this place.
 C = Inter-level travel time spent in this place.
 D = Time resting spent in this place.
 E = Time spent auto-exploring this place.
 F = Levels seen in this place.
 G = Mean time per level.
                   A        B        C        D        E       F      G
               +--------+--------+--------+--------+--------+-----+--------+
         Total |   2736 |   2736 |      0 |    207 |   1013 |   4 |  684.0 |
       Dungeon |   2736 |   2736 |      0 |    207 |   1013 |   4 |  684.0 |
               +--------+--------+--------+--------+--------+-----+--------+

Top non-repeatable levels by time:
     D:3: 855 daAuts
     D:1: 848 daAuts
     D:2: 543 daAuts
     D:4: 489 daAuts
